 Dungeon Crawl Stone Soup version 0.26-a0-30-g56b8cd3df0 (webtiles) character file.

Game seed: 288433837121833031, levelgen mode: deterministic

257 Hasart the Grave Robber (level 5, -3/35 HPs)
             Began as a Demonspawn Necromancer on June 3, 2020.
             Slain by an orc wizard
             ... wielding a +0 dagger
              (4 damage)
             ... on level 4 of the Dungeon.
             The game lasted 00:11:01 (3302 turns).

Hasart the Grave Robber (Demonspawn Necromancer)    Turns: 3302, Time: 00:11:02

Health: -3/35      AC:  3    Str:  9    XL:     5   Next: 93%
Magic:  1/9        EV: 13    Int: 17    God:
Gold:   188        SH:  0    Dex: 17    Spells: 9/10 levels left

rFire    . . .     SeeInvis .   k - staff of air
rCold    . . .     Gourm    .   (no shield)
rNeg     . . .     Faith    .   a - +0 robe
rPois    .         Spirit   .   (no helmet)
rElec    +         Reflect  .   (no cloak)
rCorr    .         Harm     .   d - +0 pair of gloves
MR       .....                  (no boots)
Stlth    +++.......             (no amulet)
HPRegen  0.11/turn              (no ring)
MPRegen  0.11/turn              (no ring)

@: no status effects
A: thin skeletal structure 2, powered by death 1, rot immunity
a: no special abilities


You were on level 4 of the Dungeon.
You were not hungry.

You visited 1 branch of the dungeon, and saw 6 of its levels.

You collected 188 gold pieces.

Inventory:

Hand Weapons
 e - a +0 short sword
 r - a +2 dagger of venom
Armour
 a - a +0 robe (worn)
 d - a +0 pair of gloves (worn)
Magical Staves
 k - an uncursed staff of air (weapon)
Scrolls
 f - 3 scrolls of remove curse {unknown}
 g - a scroll of enchant armour {unknown}
 j - 4 scrolls of identify {unknown}
 p - a scroll of fear {unknown}
Potions
 b - a potion of resistance {unknown}
 h - a potion of curing {unknown}
 i - a potion of stabbing {unknown}
 l - a potion of brilliance {unknown}
 m - 2 potions of lignification {unknown}
 n - a potion of heal wounds {unknown}
 o - 2 potions of might {unknown}
 q - a potion of cancellation {unknown}
 s - a potion of berserk rage {unknown}
 t - a potion of degeneration {unknown}
Comestibles
 c - 4 rations


   Skills:
 + Level 3.0 Dodging
 - Level 1.7 Stealth
 + Level 3.1 Spellcasting
 * Level 6.1 Necromancy
 + Level 2.0 Evocations


You had 9 spell levels left.
You knew the following spells:

 Your Spells              Type           Power        Failure   Level  Hunger
a - Pain                  Necr           ###.         1%          1    None

Your spell library contained the following spells:

 Spells                   Type           Power        Failure   Level  Hunger
 Animate Skeleton         Necr           N/A          1%          1    None
 Vampiric Draining        Necr           ###.......   4%          3    ###....
 Animate Dead             Necr           N/A          14%         4    ####...
 Agony                    Necr           ###.....     36%         5    ######.


Dungeon Overview and Level Annotations

Branches:
Dungeon (6/15)
 Temple: D:4-7

Altars:
Zin
Beogh

Annotations:
D:5 Dowan, Duvessa


Innate Abilities, Weirdness & Mutations

You have a moderately thin skeletal structure. (Dex +4, Stealth+)
You regenerate a little health from kills.
You are immune to rotting.


Message History

Aim: an orc wizard, wielding a +0 dagger and wearing a +0 robe (severely wounded, chance to defeat MR: 83%)
The orc wizard barely resists.
The orc shouts!
The orc wizard closely misses you. The orc wizard barely misses you.
Casting: Pain (safe; 1% risk of failure)
Confirm with . or Enter, or press ? or * to list all spells.
Aiming: Pain (safe; 1% risk of failure)
Press: ? - help, Shift-Dir - straight line, f/p - orc wizard
Aim: an orc wizard, wielding a +0 dagger and wearing a +0 robe (severely wounded, chance to defeat MR: 83%)
The orc wizard writhes in agony.
The orc wizard barely misses you. x2
Casting: Pain (safe; 1% risk of failure)
Confirm with . or Enter, or press ? or * to list all spells.
Aiming: Pain (safe; 1% risk of failure)
Press: ? - help, Shift-Dir - straight line, f/p - orc wizard
Aim: an orc wizard, wielding a +0 dagger and wearing a +0 robe (severely wounded, chance to defeat MR: 83%)
The orc wizard barely resists.
The orc wizard hits you with a +0 dagger.
* * * LOW HITPOINT WARNING * * *
The orc wizard hits you with a +0 dagger.
You die...

...........#
#....#..#.######
#########.##$_$##
#..#.8$8o#
#..#$.$..#
#..#.8.8.
#..##.o.
####..##o##
#......#o@#####+#
##.....'........#
#.....#........#
#.....#........#
#.....#........#
#.....#...>....#
#.....#........#
#########...>..#
#......#


You could see an orc priest and 2 orc wizards.

Vanquished Creatures
  An orc priest (D:3)
  An iguana (D:4)
  2 orc wizards (D:3)
  A worker ant (D:4)
  A hound skeleton (D:4)
  5 adders
  3 worms
  3 dart slugs (D:1)
  10 orcs (D:3)
  A ball python (D:3)
  2 giant cockroaches (D:1)
  4 goblins
  4 hobgoblins
  A quokka (D:3)
  2 bats (D:3)
  4 frilled lizards
  6 kobolds
  A leopard gecko skeleton (D:4)
  2 rats
54 creatures vanquished.

Notes
Turn   | Place    | Note
-------+----------+-------------------------------------------
     0 | D:1      | Hasart the Demonspawn Necromancer began the quest for the
                  | Orb.
     0 | D:1      | Reached XP level 1. HP: 13/13 MP: 3/3
   204 | D:1      | Gained mutation: You regenerate a little health from kills.
                  | [demonic ancestry]
   204 | D:1      | Reached XP level 2. HP: 17/19 MP: 0/5
   679 | D:1      | You fall into a shaft and drop 1 floor!
  1203 | D:2      | Gained mutation: You have a somewhat thin skeletal
                  | structure. (Dex +2, Stealth) [demonic ancestry]
  1203 | D:2      | Reached XP level 3. HP: 19/24 MP: 0/6
  1350 | D:2      | Reached skill level 5 in Necromancy
  1361 | D:2      | You fall into a shaft and drop 1 floor!
  1710 | D:3      | Reached skill level 1 in Evocations
  1710 | D:3      | Gained mutation: You have a moderately thin skeletal
                  | structure. (Dex +4, Stealth+) [demonic ancestry]
  1710 | D:3      | Reached XP level 4. HP: 24/30 MP: 0/7
  2044 | D:3      | Gained mutation: You are immune to rotting. [demonic
                  | ancestry]
  2044 | D:3      | Reached XP level 5. HP: 34/35 MP: 5/9
  2119 | D:3      | Found a glowing silver altar of Zin.
  2526 | D:3      | You fall into a shaft and drop 3 floors!
  2543 | D:5      | Entered Level 5 of the Dungeon
  2637 | D:5      | Noticed Duvessa
  2637 | D:5      | Noticed Dowan
  2884 | D:4      | Reached skill level 6 in Necromancy
  3277 | D:4      | Found a roughly hewn altar of Beogh.
  3302 | D:4      | HP: 1/35 [orc wizard/+0 dagger (3)]
  3302 | D:4      | Slain by an orc wizard

Illustrated notes

Levels and vault maps discovered:
D:1:      mrwooster_arrival_statue_3, layout_loops_cross
D:2:      layout_basic, chequers_ecumenical_altar_simple_redux
D:3:      layout_loops_ring, zin_treasury
D:4:      layout_gridville, first_ration, abandoned_shop, kennysheep_orc_chapel
D:5:      layout_basic, uniq_menkaure, uniq_eustachio, uniq_duvessa
D:6:      layout_basic, temple_statues, serial_shops, nicolae_shop_crystal,
          shop, shop, nicolae_shop_stone, minivault_24,
          nicolae_gozag_cash_rules_everything_around_me

Skill      XL: |  1  2  3  4  5 |
---------------+----------------+-----
Dodging        | 2 3 |  3.0
Necromancy     | 5 6 |  6.1
Evocations     | 1 2 |  2.0
Spellcasting   | 3 |  3.1
Stealth        | |  1.7

Action                   |  1- 3 |  4- 6 || total
-------------------------+-------+-------++-------
Melee: Short sword       |     5 |       ||     5
       Staff             |    12 |    17 ||    29
 Cast: Pain              |    64 |    68 ||   132
  Eat: Chunk             |     3 |     5 ||     8
Armor: Robe              |    15 |     4 ||    19
Dodge: Dodged            |    34 |    23 ||    57

Table legend:
 A = Non-vault XP
 B = Vault XP
 C = Vault XP percentage of total XP
 D = Non-vault monster count
 E = Vault monster count
 F = Vault count percentage of total count
                 A         B        C        D         E       F
            +---------+---------+-------+---------+---------+-------
      Total |     368 |       0 |   0.0 |      54 |       0 |   0.0
            +---------+---------+-------+---------+---------+-------
        D:1 |      36 |       0 |   0.0 |      18 |       0 |   0.0
        D:2 |       8 |       0 |   0.0 |       3 |       0 |   0.0
        D:3 |     195 |       0 |   0.0 |      26 |       0 |   0.0
        D:4 |     129 |       0 |   0.0 |       7 |       0 |   0.0
            +---------+---------+-------+---------+---------+-------
